 Dungeon Crawl Stone Soup version 0.28.0-43-g3370ac3207 (webtiles) character file.

Game seed: 10509500905003747474

73 issech the Cudgeller (level 4, -7/45 HPs)
             Began as a Troll Monk on Mar 29, 2022.
             Killed by nerve-wracking pain
             ... invoked by an orc priest
              (12 damage)
             ... on level 2 of the Dungeon.
             The game lasted 00:03:34 (1491 turns).

issech the Cudgeller (Troll Monk)                   Turns: 1491, Time: 00:03:34

Health: -7/45      AC:  4    Str: 19    XL:     4   Next: 8%
Magic:  3/3        EV: 10    Int:  6    God:
Gold:   58         SH:  0    Dex: 14    Spells: 3/3 levels left

rFire   . . .      SeeInvis .   a - +0 mace
rCold   . . .      Faith    .   (no shield)
rNeg    . . .      Spirit   .   b - +0 robe
rPois   .          Reflect  .   (helmet restricted)
rElec   .          Harm     .   (no cloak)
rCorr   .          Rampage  .   (gloves unavailable)
Will    .....                   (boots unavailable)
Stlth   ++........              (no amulet)
HPRegen 0.95/turn               (no ring)
MPRegen 0.08/turn               (no ring)

@: no status effects
A: large, unfitting armour, claws 3, regeneration 1, shaggy fur 1, tough skin 1
a: no special abilities


You were on level 2 of the Dungeon.
You visited 1 branch of the dungeon, and saw 3 of its levels.

You collected 58 gold pieces.

Inventory:

Hand Weapons
 a - a +0 mace (weapon)
 j - a +0 hand crossbow
Missiles
 d - 6 javelins (quivered)
 f - 7 sling bullets
 g - 56 stones
 n - 4 poisoned darts
Armour
 b - a +0 robe (worn)
Scrolls
 c - a scroll of blinking {unknown}
 e - 3 scrolls of fog {unknown}
 h - a scroll of magic mapping {unknown}
 k - 2 scrolls of teleportation {unknown}
 l - a scroll of fear {unknown}
 m - 3 scrolls of identify {unknown}
Potions
 i - a potion of haste {unknown}


   Skills:
 + Level 3.0 Fighting
 + Level 3.2 Maces & Flails
 + Level 3.1 Dodging
 + Level 1.2 Stealth


You had 3 spell levels left.
You didn't know any spells.
Your spell library was empty.

Dungeon Overview and Level Annotations

Branches:
Dungeon (3/15)

Altars:


Innate Abilities, Weirdness & Mutations

You are too large for most types of armour.
You have claws for hands.
Your natural rate of healing is unusually fast.
You are covered in fur. (AC +1)
You have tough skin. (AC +1)


Message History

The ball python is severely wounded.
The ball python bites you.
An orc comes into view. It is wielding a +0 club.
The ball python barely misses you. The kobold completely misses you.
The orc closely misses you.
You hit the ball python but do no damage.
The ball python is severely wounded.
The ball python barely misses you. The orc priest barely misses you.
The orc hits you from afar with a +0 trident!
The kobold barely misses you. The ball python closely misses you.
The ball python bites you but does no damage.
The orc barely misses you.
The orc priest invokes the aid of Beogh against you.
Pain shoots through your body! The kobold hits you but does no damage.
You climb upwards.
There is a stone staircase leading down here.
You closely miss the kobold. The ball python bites you.
The kobold hits you with a +0 dagger.
The orc priest calls down the wrath of Beogh upon you.
You barely resist. The ball python bites you.
You completely miss the ball python. The kobold hits you but does no damage.
The orc priest hits you with a +0 hand axe.
The ball python bites you.
* * * LOW HITPOINT WARNING * * *
You sock the ball python!
You kill the ball python!
The kobold barely misses you.
The orc priest hits you with a +0 hand axe.
* * * LOW HITPOINT WARNING * * *
The orc priest hits you but does no damage.
The kobold barely misses you. The ball python closely misses you.
You sock the ball python!
You kill the ball python!
The orc priest hits you with a +0 hand axe.
* * * LOW HITPOINT WARNING * * *
The kobold hits you but does no damage.
The orc priest mumbles some strange prayers to Beogh against you.
Pain shoots through your body!
You die...

...# #.#.#..#.......#
#. ####
#...#..#.......# #. #
##..#..........# #. #
#..#.########## #. #
#..#.# #. #
#..#.###############.
#
##.#.................
#
#...################
# ##o@# # #K># # ####
# # #


You could see an orc priest and a kobold.

Vanquished Creatures
  4 adders (D:2)
  2 endoplasms (D:2)
  4 goblins
  3 jackals (D:2)
  6 kobolds
  2 quokkas
  9 ball pythons
  3 bats (D:2)
  2 frilled lizards
  5 rats
40 creatures vanquished.

Notes
Turn   | Place    | Note
-------+----------+-------------------------------------------
     0 | D:1      | issech the Troll Monk began the quest for the Orb.
     0 | D:1      | Reached XP level 1. HP: 22/22 MP: 0/0
   175 | D:1      | Noticed an eye of devastation
   179 | D:1      | Found a faded altar of an unknown god.
   181 | D:1      | Noticed a great orb of eyes
   182 | D:1      | Noticed a great orb of eyes
   182 | D:1      | Noticed a floating eye
   288 | D:1      | Reached XP level 2. HP: 27/29 MP: 1/1
   701 | D:2      | Reached XP level 3. HP: 16/36 MP: 2/2
   930 | D:2      | Identified the +3 leather armour of the Shore {rN+ Regen+}
  1173 | D:2      | Reached XP level 4. HP: 43/45 MP: 3/3
  1491 | D:2      | Killed from afar by an orc priest

Illustrated notes

Levels and vault maps discovered:
D:1:      tarquinn_simple_flora_water_b, layout_loops_ring,
          hellmonk_ecumenical_altar_watching_god
D:2:      layout_basic, dk_noncrumbling_3
D:3:      layout_rooms, mainiacjoe_overflow_brackets, fedhas_altar_3,
          nicolae_overflow_hidden_temple, ebering_ghost_inner_flame,
          serial_bayou_lagoon_a

Skill      XL: |  1  2  3 |
---------------+----------+-----
Maces & Flails | 3 |  3.2
Fighting       | 3 |  3.0
Dodging        | 3 |  3.1
Stealth        | |  1.2

Action                   |  1- 3 |  4- 6 || total
-------------------------+-------+-------++-------
Melee: Mace              |   122 |    17 ||   139
       Punch             |     1 |       ||     1
 Stab: Sleeping          |     1 |       ||     1
Armor: Robe              |    59 |    15 ||    74
Dodge: Dodged            |    90 |    15 ||   105
